 Dungeon Crawl Stone Soup version 0.28-a0-1555-g9ae15a6949 (webtiles) character file.

Game seed: 3843102236861246420

172 hashsling the Grave Robber (level 5, -1/40 HPs)
             Began as a Ghoul Necromancer on Jan 18, 2022.
             Slain by a phantom (3 damage)
             ... on level 4 of the Dungeon.
             The game lasted 00:09:02 (2640 turns).

hashsling the Grave Robber (Ghoul Necromancer)      Turns: 2640, Time: 00:09:03

Health: -1/40      AC:  4    Str: 12    XL:     5   Next: 53%
Magic:  2/6        EV: 12    Int: 12    God:
Gold:   108        SH:  0    Dex:  9    Spells: 2/7 levels left

rFire   . . .      SeeInvis .   l - +2 dagger (venom)
rCold   + . .      Faith    .   (no shield)
rNeg    + + +      Spirit   .   a - +0 robe
rPois   ∞          Reflect  .   (no helmet)
rElec   .          Harm     .   f - +0 cloak
rCorr   .          Rampage  .   h - +0 pair of gloves
Will    .....                   (no boots)
Stlth   ++........              (no amulet)
HPRegen 0.00/turn               (no ring)
MPRegen 0.10/turn               (no ring)

@: mighty, inhibited regen
A: claws 1, cold resistance 1, negative energy resistance 3, inhibited
regeneration, torment resistance 2
a: no special abilities


You were on level 4 of the Dungeon.
You visited 1 branch of the dungeon, and saw 4 of its levels.

You collected 108 gold pieces.

Inventory:

Hand Weapons
 k - a +0 morningstar
 l - a +2 dagger of venom (weapon)
 n - a +3 whip
Missiles
 c - 80 arrows
 s - 13 bolts
Armour
 a - a +0 robe (worn)
 f - a +0 cloak (worn)
 h - a +0 pair of gloves (worn)
Wands
 m - a wand of digging (5)
Scrolls
 b - a scroll of holy word {unknown}
 g - a scroll of noise {unknown}
 r - a scroll of identify {unknown}
 t - a scroll of amnesia {unknown}
 u - a scroll of fog {unknown}
Potions
 d - a potion of mutation {unknown}
 e - a potion of brilliance {unknown}
 i - a potion of degeneration {unknown}
 j - a potion of flight {unknown}
 p - a potion of might
 q - a potion of heal wounds {unknown}


   Skills:
 + Level 1.5 Fighting
 - Level 1.7 Dodging
 + Level 3.9 Stealth
 - Level 1.7 Spellcasting
 * Level 5.7 Necromancy


You had 2 spell levels left.
You knew the following spells:

 Your Spells              Type           Power      Damage    Failure   Level
a - Pain                  Necr           56%        1d6       2%          1
b - Animate Skeleton      Necr           28%        N/A       2%          1
c - Vampiric Draining     Necr           14%        2d7       8%          3

Your spell library contained the following spells:

 Spells                   Type           Power      Damage    Failure   Level
 Magic Dart               Conj           4%         1d3       28%         1
 Call Imp                 Summ           1%         N/A       38%         2
 Animate Dead             Necr           7%         N/A       26%         4
 Agony                    Necr           14%        N/A       58%         5
 Mephitic Cloud           Conj/Pois/Air  1%         N/A       63%         3


Dungeon Overview and Level Annotations

Branches:
Dungeon (4/15)
 Temple: D:4-7

Altars:
Elyvilon
Trog
Yredelemnul

Shops:
D:2 *

Annotations:
D:3 1 runed translucent door


Innate Abilities, Weirdness & Mutations

You thrive by killing the living.
You are immune to poison.
You have sharp fingernails.
Your flesh is cold resistant. (rC+)
You are immune to negative energy. (rN+++)
You do not regenerate when monsters are visible.
You are immune to unholy pain and torment.


Message History

The phantom is lightly damaged.
The phantom hits you.
* * * LOW HITPOINT WARNING * * *
You hit the phantom.
The phantom is lightly damaged.
The phantom hits you!
* * * LOW HITPOINT WARNING * * *
The phantom blinks!
The quokka twitches its whiskers.
Sorry, you're not good enough to have a special ability.
It was a potion of curing.
You feel better. The phantom hits you!
* * * LOW HITPOINT WARNING * * *
You feel better. The phantom misses you.
It was a potion of might.
You feel very mighty all of a sudden. The phantom hits you.
* * * LOW HITPOINT WARNING * * *
The phantom blinks!
You blink.
You closely miss the phantom.
The phantom is lightly damaged.
The phantom hits you.
* * * LOW HITPOINT WARNING * * *
The phantom blinks!
You blink.
The orc throws a boomerang.
The boomerang hits you.
* * * LOW HITPOINT WARNING * * *
You closely miss the phantom. Your punch misses the phantom.
The phantom is lightly damaged.
The phantom barely misses you.
Casting: Pain (safe; 2% risk of failure)
Confirm with . or Enter, or press ? or * to list all spells.
You don't have enough magic to cast this spell.
You closely miss the phantom.
The phantom is lightly damaged.
The phantom hits you.
* * * LOW HITPOINT WARNING * * *
The phantom blinks!
You blink.
You puncture the phantom!
The phantom is heavily damaged.
The phantom hits you.
You die...

## ##.# ##.###§## ..
#......##
.###...)...### ###
............!.# ....
###....o......##
#...###.....g......#
#.......r.o..§...#
#...@...)......$##
#...W............#
#..........§.....##
#................##
....###.........##
...# #.......##.#
.## #..###### .#
..## . #..


You could see a phantom, 2 orcs, a quokka and a hobgoblin.

Vanquished Creatures
  A hound (D:4)
  An orc priest (D:3)
  Jessica (D:2)
  2 adders
  The ghost of psuckher the Sneak, a weakling BaDe of Ashenzari (D:3)
  5 orcs
  7 endoplasms
  A giant cockroach (D:1)
  6 goblins
  6 hobgoblins
  5 quokkas
  3 ball pythons
  4 bats
  6 frilled lizards
  6 kobolds
  A kobold skeleton (D:3)
  4 rats
  A toadstool (D:1)
61 creatures vanquished.

Vanquished Creatures (collateral kills)
  A frilled lizard (D:3)
1 creature vanquished.

Vanquished Creatures (others)
  3 toadstools (D:1)
3 creatures vanquished.

Grand Total: 65 creatures vanquished

Notes
Turn   | Place    | Note
-------+----------+-------------------------------------------
     0 | D:1      | hashsling the Ghoul Necromancer began the quest for the
                  | Orb.
     0 | D:1      | Reached XP level 1. HP: 14/14 MP: 2/2
     2 | D:1      | Learned a level 1 spell: Animate Skeleton
   268 | D:1      | Reached XP level 2. HP: 20/20 MP: 1/3
   927 | D:1      | You fall into a shaft and drop 1 floor!
   927 | D:2      | Found Acush's General Store.
   973 | D:2      | Reached XP level 3. HP: 26/26 MP: 0/4
  1324 | D:2      | Noticed Jessica
  1334 | D:2      | Killed Jessica
  1335 | D:2      | Reached skill level 5 in Necromancy
  1335 | D:2      | Reached XP level 4. HP: 33/33 MP: 1/5
  1652 | D:3      | Found a faded altar of an unknown god.
  1808 | D:3      | Found a bloodstained altar of Trog.
  1925 | D:3      | Reached skill level 1 in Fighting
  1925 | D:3      | Reached XP level 5. HP: 30/40 MP: 1/6
  2026 | D:3      | Found a runed translucent door.
  2026 | D:3      | Noticed a human
  2032 | D:3      | Found a basalt altar of Yredelemnul.
  2050 | D:3      | Found a runed translucent door.
  2050 | D:3      | Noticed psuckher's ghost (weakling BaDe)
  2076 | D:3      | Learned a level 3 spell: Vampiric Draining
  2249 | D:3      | Killed psuckher's ghost
  2614 | D:4      | Noticed a phantom
  2633 | D:4      | HP: 2/40 [phantom (8)]
  2639 | D:4      | HP: 2/40 [phantom (1)]
  2640 | D:4      | Slain by a phantom

Illustrated notes

Levels and vault maps discovered:
D:1:      ldierk_water_garden, layout_loops_corners
D:2:      layout_rooms, serial_shops, shop, chequers_serial_rivers_micro_c,
          uniq_jessica
D:3:      layout_rooms, dk_yredelemnul_ordeal,
          mainiacjoe_overflow_small_starburst, old_standard_altar,
          hellmonk_ghost_happy_afterlife, ebering_ecumenical_altar_webs
D:4:      cheibrodos_pilgrimage, layout_cave_pods,
          nicolae_shop_sticking_my_neck_out, uniq_pikel

Skill      XL: |  1  2  3  4 |
---------------+-------------+-----
Stealth        | 3 |  3.9
Necromancy     | 5 |  5.7
Fighting       | 1 |  1.5
Dodging        | |  1.7
Spellcasting   | |  1.7

Action                   |  1- 3 |  4- 6 || total
-------------------------+-------+-------++-------
Melee: Mace              |    35 |       ||    35
       Unarmed           |     3 |       ||     3
       Morningstar       |     4 |     7 ||    11
       Dagger            |     1 |    45 ||    46
 Cast: Pain              |    40 |    36 ||    76
       Animate Skeleton  |     1 |     4 ||     5
  Use: Potion            |       |     3 ||     3
 Stab: Sleeping          |     1 |     5 ||     6
Armor: Robe              |    15 |    10 ||    25
Dodge: Dodged            |    30 |    31 ||    61

Table legend: (Time is in decaauts)
 A = Elapsed time spent in this place.
 B = Non-inter-level travel time spent in this place.
 C = Inter-level travel time spent in this place.
 D = Time resting spent in this place.
 E = Time spent auto-exploring this place.
 F = Levels seen in this place.
 G = Mean time per level.
                   A        B        C        D        E       F      G
               +--------+--------+--------+--------+--------+-----+--------+
         Total |   2656 |   2581 |     75 |      0 |   2071 |   4 |  664.0 |
       Dungeon |   2656 |   2581 |     75 |      0 |   2071 |   4 |  664.0 |
               +--------+--------+--------+--------+--------+-----+--------+

Top non-repeatable levels by time:
     D:1: 938 daAuts
     D:3: 733 daAuts
     D:2: 727 daAuts
     D:4: 256 daAuts
